 Dungeon Crawl Stone Soup version 0.24-a0-520-g8fd06ad0bc (webtiles) character file.

Game seed: 1257511727953409787

15 Azzok the Shield-Bearer (level 2, 0/24 HPs)
             Began as a Formicid Fighter on July 23, 2019.
             Succumbed to a kobold's poison
             ... on level 1 of the Dungeon.
             The game lasted 00:00:43 (320 turns).

Azzok the Shield-Bearer (Formicid Fighter)           Turns: 320, Time: 00:00:43

Health: 0/24       AC:  6    Str: 20    XL:     2   Next: 65%
Magic:  2/2        EV:  8    Int:  7    God:
Gold:   0          SH:  9    Dex: 10    Spells: 1/1 levels left

rFire    . . .     SeeInvis +   n - +1 dagger (venom)
rCold    . . .     Gourm    .   c - +0 shield
rNeg     . . .     Faith    .   b - +0 scale mail
rPois    .         Spirit   .   (helmet unavailable)
rElec    .         Reflect  .   (no cloak)
rCorr    .         Harm     .   (no gloves)
MR       .....                  (no boots)
Stlth    ..........             (no amulet)
HPRegen  0.08/turn              (no ring)
MPRegen  0.08/turn              (no ring)

@: lethally poisoned (0 -> -22)
A: permanent stasis, dig shafts and tunnels, four strong arms, antennae 3
a: Dig, Shaft Self


You were on level 1 of the Dungeon.
You were not hungry.

You visited 1 branch of the dungeon, and saw 1 of its levels.

Inventory:

Hand Weapons
 a - a +0 war axe
 n - a +1 dagger of venom (weapon)
Armour
 b - a +0 scale mail (worn)
 c - a +0 shield (worn)
Scrolls
 h - a scroll of remove curse {unknown}
 i - a scroll of identify {unknown}
 k - a scroll of teleportation {unknown}
 l - a scroll of magic mapping {unknown}
Potions
 d - 2 potions of might
 m - a potion of lignification {unknown}
Comestibles
 f - a ration
 g - 7 chunks of flesh


   Skills:
 - Level 3.2 Fighting
 + Level 2.5 Axes
 - Level 3.2 Armour
 + Level 4.1 Shields


You had one spell level left.
You didn't know any spells.
Your spell library was empty.

Dungeon Overview and Level Annotations

Branches:
Dungeon (1/15)

Altars:


Innate Abilities, Weirdness & Mutations

You cannot be hasted, slowed, berserked, paralysed or teleported.
You can dig through walls and to a lower floor.
Your four strong arms can wield two-handed weapons with a shield.
You have a pair of large antennae on your head. (SInv)


Message History

a +1 dagger of venom; 2 stones
n - a +1 dagger of venom
* * * LOW HITPOINT WARNING * * *
You feel sick.
Wield which item (- for none, * to show all)? (? for menu, Esc to quit)
Your +1 dagger of venom begins to drip with poison!
n - a +1 dagger of venom (weapon)
* * * LOW HITPOINT WARNING * * *
You feel sick.
There is a lethal amount of poison in your body!
There is a lethal amount of poison in your body!
It was a potion of brilliance.
You feel clever all of a sudden.
* * * LOW HITPOINT WARNING * * *
You feel sick.
It was a potion of cancellation.
Your magical effects are unravelling.
You feel magically purged.
You feel a little less clever now.
You die...

·▒ ▒·······▒ ·▒
▒·······▒▒▒▒▒▒▒▒▒▒
·▒▒▒····÷·····▒▒····▒
·▒▒†·······▒▒·▒▒·>··▒
···········▒▒·▒▒····▒
··▒▒·······▒▒··▒····▒
▒·▒▒▒▒▒▒▒▒▒▒▒▒·▒····▒
▒·▒ ▒·▒····▒ ··▒
▒··@···▒ ··▒ ▒▒)····▒
··▒ ▒··?··▒ ··▒
▒·····▒ ··▒ ·····▒▒
··▒ ··▒···· ··▒▒
▒▒▒▒▒·▒··▒···
·(·▒▒▒▒▒······▒·▒▒····
····▒▒·········


There were no monsters in sight!

Vanquished Creatures
  A dart slug (D:1)
  A ball python (D:1)
  A giant cockroach (D:1)
  A hobgoblin (D:1)
  2 bats (D:1)
  A frilled lizard (D:1)
  4 kobolds (D:1)
  4 rats (D:1)
15 creatures vanquished.

Notes
Turn   | Place    | Note
-------+----------+-------------------------------------------
     0 | D:1      | Azzok the Formicid Fighter began the quest for the Orb.
     0 | D:1      | Reached XP level 1. HP: 18/18 MP: 1/1
   183 | D:1      | Reached XP level 2. HP: 24/24 MP: 2/2
   204 | D:1      | Reached skill level 4 in Shields
   320 | D:1      | Succumbed to a kobold's poison

Levels and vault maps discovered:
D:1:      sevenhm_arrival_forest_fort_small_3, layout_rooms

Skill      XL: |  1  2 |
---------------+-------+-----
Shields        | 4 |  4.1
Fighting       | |  3.2
Axes           | |  2.5
Armour         | |  3.2

Action                   || total
-------------------------++-------
Melee: War axe           ||    54
  Use: Potion            ||     2
Armor: Scale mail        ||    40
Dodge: Dodged            ||    19
Block: Shield            ||    40

Table legend:
 A = Non-vault XP
 B = Vault XP
 C = Vault XP percentage of total XP
 D = Non-vault monster count
 E = Vault monster count
 F = Vault count percentage of total count
                 A         B        C        D         E       F
            +---------+---------+-------+---------+---------+-------
      Total |      22 |       0 |   0.0 |      15 |       0 |   0.0
            +---------+---------+-------+---------+---------+-------
        D:1 |      22 |       0 |   0.0 |      15 |       0 |   0.0
            +---------+---------+-------+---------+---------+-------
